 Dungeon Crawl Stone Soup version 0.21-a0-444-g29a2fec (webtiles) character file.

56625 4thArraOfDagon the Arsonist (level 14, -2/122 HPs)
             Began as a Naga Fire Elementalist on Nov 17, 2017.
             Was an Elder of Sif Muna.
             Slain by a shock serpent (3 damage)
             ... on level 3 of the Snake Pit.
             The game lasted 01:11:07 (9303 turns).

4thArraOfDagon the Arsonist (NaFE)                  Turns: 9303, Time: 01:11:07

Health: -2/122     AC: 23    Str: 11    XL:     14   Next: 82%
Magic:  6/30       EV:  6    Int: 28    God:    Sif Muna [****..]
Gold:   1565       SH:  7    Dex: 12    Spells: 4/33 levels left

rFire    + . .     SeeInvis +   s - staff of wizardry {!a}
rCold    + . .     Gourm    .   O - +2 buckler
rNeg     . . .     Faith    +   C - +0 ring mail "Reice" {rElec MR++ Str-3 Int+2}
rPois    +         Spirit   .   S - +2 hat
rElec    +         Reflect  .   v - +0 cloak
rCorr    +         Harm     .   q - +2 pair of gloves
MR       +++..     Rnd*Rage +   K - +4 naga barding
Stlth    +.........             p - amulet of faith
HPRegen  0.30/turn              H - +4 ring of intelligence
MPRegen  0.22/turn              Q - +3 ring of intelligence

@: lethally poisoned (-2 -> -3), resistant, divine energy, very slow
A: fangs 1, icy blue scales 1, see invisible, berserk 1, deformed body, high mp
1, poison resistance, robust 2, slowness 2, slow metabolism 1, spit poison 2,
strong 1, constrict 1, AC +4
a: Breathe Poison Gas, Stop Divine Energy, Channel Magic, Forget Spell, Renounce
Religion


You were on level 3 of the Snake Pit.
You worshipped Sif Muna.
Sif Muna was greatly pleased with you.
You were very hungry.

You visited 5 branches of the dungeon, and saw 24 of its levels.
You also visited: Labyrinth.

You collected 2136 gold pieces.
You spent 571 gold pieces at shops.

Inventory:

Hand Weapons
 I - the +6 whip "Ifaalej" {venom, *Noise +Blink rN+}
   (You found it on level 10 of the Dungeon)

   It poisons the flesh of those it strikes.
   It protects you from negative energy.
   It lets you blink.
   It may make noises in combat.
 U - the +1 trident of Cruel Justice {pain, rPois Str-2 Int+3}
   (You found it on level 12 of the Dungeon)

   In the hands of one skilled in necromantic magic, it inflicts extra damage on
   living creatures.
   It affects your strength (-2).
   It affects your intelligence (+3).
   It protects you from poison.
Missiles
 d - 4 throwing nets (quivered)
Armour
 q - a +2 pair of gloves (worn)
 v - a +0 cloak (worn)
 C - the +0 ring mail "Reice" (worn) {rElec MR++ Str-3 Int+2}
   (You bought it in a shop on level 4 of the Dungeon)

   It affects your strength (-3).
   It affects your intelligence (+2).
   It insulates you from electricity.
   It affects your resistance to hostile enchantments.
 K - a +4 naga barding (worn)
 O - a +2 buckler (worn)
 S - a +2 hat (worn)
Magical Staves
 s - an uncursed staff of wizardry (weapon) {!a}
Jewellery
 p - an amulet of faith (around neck)
 r - the ring of Jitu Nekk {rElec rF++ AC+1}
   (You found it in a labyrinth)

   [ring of protection]

   It affects your AC (+1).
   It greatly protects you from fire.
   It insulates you from electricity.
 H - a +4 ring of intelligence (left hand)
 Q - a +3 ring of intelligence (right hand)
 Y - a +1 ring of evasion
Wands
 o - a wand of iceblast (11/15)
 D - a wand of paralysis (5/24)
 W - a wand of confusion (18/48)
Scrolls
 g - 2 scrolls of fog
 t - a scroll of fear
 u - 6 scrolls of teleportation
 w - a scroll of immolation
 x - 2 scrolls of blinking
 A - 10 scrolls of remove curse
 J - 2 scrolls of enchant weapon
 R - a scroll of recharging
Potions
 e - a potion of resistance
 i - 2 potions of ambrosia
 j - a potion of berserk rage
 k - 2 potions of curing
 l - a potion of invisibility
 n - 3 potions of brilliance
 z - a potion of cancellation
 B - 3 potions of mutation
 E - 3 potions of flight
 G - a potion of lignification
 M - 3 potions of haste
 T - 2 potions of might
 X - a potion of degeneration
Books
 a - a book of Necromancy

   Spells                             Type                      Level
   a - Pain                           Necromancy                   1
   b - Animate Skeleton               Necromancy                   1
   c - Vampiric Draining              Necromancy                   3
   d - Regeneration                   Charms/Necromancy            3
   e - Animate Dead                   Necromancy                   4
   f - Control Undead                 Necromancy                   4
 h - Sif Muna's Handbook of Confrontation
   (Sif Muna gifted it to you on level 2 of the Orcish Mines)

   Spells                             Type                      Level
   a - Static Discharge               Conjuration/Air              3
   b - Throw Icicle                   Conjuration/Ice              4
   c - Bolt of Fire                   Conjuration/Fire             6
   d - Iron Shot                      Conjuration/Earth            6
   e - Lehudib's Crystal Spear        Conjuration/Earth            8
   f - Fire Storm                     Conjuration/Fire             9
 y - a book of Conjurations

   Spells                             Type                      Level
   a - Magic Dart                     Conjuration                  1
   b - Searing Ray                    Conjuration                  2
   c - Dazzling Spray                 Conjuration/Hexes            3
   d - Fulminant Prism                Conjuration/Hexes            4
   e - Force Lance                    Conjuration/Translocation    4
   f - Iskenderun's Mystic Blast      Conjuration                  4
Comestibles
 c - 11 bread rations
 m - 9 meat rations


   Skills:
 - Level 1.5 Dodging
 - Level 3.0 Stealth
 - Level 4.0 Shields
 + Level 10.0 Spellcasting
 * Level 14.4 Conjurations
 * Level 14.7 Fire Magic
 - Level 10.0 Invocations


You had 4 spell levels left.
You knew the following spells:

 Your Spells              Type           Power        Failure   Level  Hunger
b - Conjure Flame         Conj/Fire      #######.     1%          3    None
c - Sticky Flame          Conj/Fire      #######.     1%          4    None
d - Fireball              Conj/Fire      #######...   1%          5    ###....
e - Blink                 Tloc           N/A          6%          2    None
f - Fire Storm            Conj/Fire      #######...   99%         9    #######
g - Iron Shot             Conj/Erth      ######....   28%         6    #####..


Dungeon Overview and Level Annotations

Branches:
Dungeon (15/15)            Temple (1/1) D:7            Lair (3/6) D:8
  Snake (3/4) Lair:3          Orc (2/2) D:11            Elf (0/3) Orc:2
  Swamp: Lair:2-4    Shoals: Lair:2-4    Vaults: D:13-14     Depths: D:15

Altars:
Ashenzari
Dithmenos
Elyvilon
Fedhas
Gozag
Hepliaklqana
Kikubaaqudgha
Makhleb
Nemelex Xobeh
Okawaru
Qazlal
Ru
Sif Muna
Trog
Uskayaw
Vehumet
Wu Jian
Xom
Yredelemnul
Zin
The Shining One

Shops:
D:4 *%   D:5 [   D:7 (   D:9 (   Orc:1 *   Orc:2 }(?(

Annotations:
D:12 Azrael


Innate Abilities, Weirdness & Mutations

You cannot wear boots.
Your serpentine skin is tough. (AC +4)
You have supernaturally acute eyesight. (SInv)
Armour fits poorly on your strangely shaped body.
Your system is resistant to poisons. (rPois)
You cover ground very slowly.
You have a slow metabolism.
You can exhale a cloud of poison.
You can use your snake-like lower body to constrict enemies.
You have very sharp teeth.
You are partially covered in icy blue scales. (AC +2)
You tend to lose your temper in combat.
You have an increased reservoir of magic. (+10% MP)
You are very robust. (+20% HP)
Your muscles are strong. (Str +2)


Message History

You feel sick.
You hear an angry hiss.
The shock serpent shoots out a bolt of lightning at you!
The bolt of electricity hits you! You resist.
* * * LOW HITPOINT WARNING * * *
Unknown command.
Unknown command.
Unknown command.
Casting: Fireball
Confirm with . or Enter, or press ? or * to list all spells.
Aiming: Fireball
Press: ? - help, Shift-Dir - straight line The fireball explodes!
The fireball engulfs the shock serpent.
The shock serpent is almost dead.
The shock serpent's electric aura discharges, shocking you!
* * * LOW HITPOINT WARNING * * *
The shock serpent bites you!
* * * LOW HITPOINT WARNING * * *
The shock serpent shocks you. You resist.
You die...

#.....:....####
##............###
##.............##
##.............##
>
###............#..
##..........)... .
###............
..####.........#
.......@S.....#
#.......))...##
###....).)....##
##....)(........
###....).......
##...........
##........##
##.......#
##.....##


You could see a shock serpent.

Vanquished Creatures
  The ghost of Soeti the Fighter, a journeyman DsMo of Cheibriados (Orc:2)
  A minotaur (Lab)
  Erolcha (D:12)
  A vault guard (D:13)
  8 naga warriors
  A hydra (D:6)
  12 two-headed ogres
  2 anacondas
  A death knight (D:13)
  3 death yaks (D:8)
  A tengu warrior (D:15)
  Nergalle (Lair:1)
  4 orc high priests (Orc:2)
  A salamander mystic (Snake:3)
  An unseen horror (D:12)
  2 naga ritualists
  An orc knight (D:14)
  A mana viper (Snake:1)
  An orc sorcerer (Orc:2)
  A manticore (D:12)
  3 ugly things
  3 cyclopes
  2 salamanders (Snake:2)
  2 centaur zombies (D:11)
  3 naga magi (Snake:2)
  16 black mambas
  A spiny frog (Lair:2)
  A kobold demonologist (D:11)
  A komodo dragon (Lair:2)
  A troll (D:6)
  The ghost of torrenera the Cleaver, an amateur DDFi of Makhleb (D:5)
  A hornet (D:10)
  4 hippogriffs
  Grinder (D:5)
  2 vampires
  10 yaks
  6 spriggans (D:11)
  3 wyverns
  A vampire mosquito (D:15)
  3 wargs
  Edmund (D:6)
  16 nagas
  A water moccasin (Lair:1)
  Duvessa (D:7)
  5 porcupines
  2 sky beasts (D:12)
  A black bear (D:9)
  24 orc warriors
  2 necrophages
  2 phantoms
  8 ogres
  15 centaurs
  4 crocodiles
  A big kobold (D:12)
  14 bullfrogs
  A gnoll sergeant (D:9)
  Dowan (D:7)
  2 wyvern skeletons
  2 scorpions
  16 killer bees
  2 jellies
  9 wights
  2 howler monkeys
  An electric eel (Lair:1)
  3 bullfrog zombies
  5 crimson imps
  2 hounds
  2 centaur skeletons
  40 orc priests
  2 bullfrog skeletons
  Ijyb (D:3)
  Terence (D:2)
  3 iguanas
  Natasha (twice) (D:2)
  26 orc wizards
  2 worker ants
  A hound zombie (D:9)
  A hound skeleton (D:5)
  A worker ant zombie (D:11)
  8 adders
  12 gnolls
  A howler monkey skeleton (D:9)
  2 river rats (D:8)
  5 shadow imps
  An adder skeleton (D:8)
  A dart slug (D:1)
  A leopard gecko (D:9)
  83 orcs
  5 giant cockroaches
  17 goblins
  12 hobgoblins
  11 jackals
  13 kobolds
  5 quokkas
  2 ball pythons
  9 bats
  3 frilled lizards
  A leopard gecko skeleton (D:5)
  4 rats
531 creatures vanquished.

Vanquished Creatures (others)
  A black mamba (Snake:2)
  An adder (D:5)
  An adder skeleton (D:6)
  A fungus (D:5)
  A plant (Snake:1)
5 creatures vanquished.

Grand Total: 536 creatures vanquished

Notes
Turn   | Place    | Note
-------+----------+-------------------------------------------
     0 | D:1      | 4thArraOfDagon the Naga Fire Elementalist began the quest for the Orb.
     0 | D:1      | Reached XP level 1. HP: 15/15 MP: 3/3
    60 | D:1      | Reached XP level 2. HP: 22/22 MP: 5/5
   237 | D:3      | Reached XP level 3. HP: 27/28 MP: 3/6
   242 | D:3      | Learned a level 3 spell: Conjure Flame
   278 | D:4      | Found Zaits's Food Boutique.
   317 | D:3      | Reached XP level 4. HP: 30/36 MP: 2/7
   391 | D:3      | Learned a level 4 spell: Sticky Flame
   431 | D:4      | Found a sacrificial altar of Ru.
   439 | D:4      | Became a worshipper of Ru the Awakened
   527 | D:4      | Got a pitted falchion
   528 | D:4      | Identified the +6 falchion of Weboixt {freeze, Dex+2 SInv} (You found it on level 4 of the Dungeon)
   620 | D:5      | Entered Level 5 of the Dungeon
   620 | D:5      | Found Jilusch's Armour Emporium.
   620 | D:5      | Noticed torrenera's ghost (amateur DDFi)
   634 | D:5      | Killed torrenera's ghost
   634 | D:5      | Reached XP level 5. HP: 25/42 MP: 1/9
   634 | D:5      | Reached XP level 6. HP: 30/49 MP: 1/10
   635 | D:5      | Reached skill level 5 in Fire Magic
   656 | D:5      | Found a glowing silver altar of Zin.
   754 | D:6      | Noticed a four-headed hydra
   754 | D:6      | Noticed a troll
   789 | D:7      | Noticed Duvessa
   789 | D:7      | Noticed Dowan
   827 | D:7      | Found a staircase to the Ecumenical Temple.
   845 | Temple   | Entered the Ecumenical Temple
   890 | Temple   | meh
   899 | Temple   | Fell from the grace of Ru
   899 | Temple   | Became a worshipper of Sif Muna the Loreminder
   951 | D:7      | Noticed a necrophage
   959 | D:7      | Killed a necrophage
   959 | D:7      | Reached XP level 7. HP: 55/55 MP: 5/12
   964 | D:7      | Found Doucasu's Weapon Boutique.
   981 | D:7      | Reached skill level 1 in Invocations
  1135 | D:7      | Reached skill level 5 in Conjurations
  1146 | D:6      | Noticed Edmund
  1159 | D:6      | Killed Edmund
  1159 | D:6      | Reached * piety under Sif Muna
  1159 | D:6      | Reached XP level 8. HP: 34/62 MP: 6/13
  1173 | D:6      | Learned a level 5 spell: Fireball
  1442 | D:7      | Killed Duvessa
  1449 | D:7      | Killed Dowan
  1585 | D:6      | Noticed a hippogriff
  1594 | D:6      | Killed a hippogriff
  1650 | D:6      | Found a radiant altar of Vehumet.
  1720 | D:6      | Reached ** piety under Sif Muna
  1769 | D:6      | Killed a troll
  1769 | D:6      | Reached XP level 9. HP: 68/68 MP: 2/16
  1853 | D:5      | Found a shadowy altar of Dithmenos.
  1853 | D:5      | Found a shimmering altar of Xom.
  1893 | D:6      | Killed a four-headed hydra
  1893 | D:6      | Reached skill level 5 in Spellcasting
  2021 | D:5      | Noticed Grinder
  2034 | D:5      | Paralysed by Grinder for 7 turns
  2041 | D:5      | Killed Grinder
  2091 | D:5      | Reached *** piety under Sif Muna
  2109 | D:5      | Found an ancient bone altar of Kikubaaqudgha.
  2158 | D:5      | Found an iron altar of Okawaru.
  2377 | D:4      | Found a hide-covered altar of Uskayaw.
  2398 | D:4      | Found Aheuve's Assorted Antiques.
  2408 | D:4      | Bought a murky green potion for 15 gold pieces
  2408 | D:4      | Bought a scroll labeled DUNAMI IWKORCHUPS for 17 gold pieces
  2408 | D:4      | Bought a lumpy sapphire potion for 15 gold pieces
  2408 | D:4      | Bought a twisted ring mail for 153 gold pieces
  2408 | D:4      | Bought a scroll of identify for 34 gold pieces
  2408 | D:4      | Identified the cursed +0 ring mail "Reice" {rElec MR++ Str-3 Int+2} (You bought it in a shop on level 4 of the Dungeon)
  2525 | D:3      | Noticed Ijyb
  2528 | D:3      | Paralysed by Ijyb for 7 turns
  2538 | D:3      | Killed Ijyb
  2622 | D:2      | Noticed Terence
  2628 | D:2      | Killed Terence
  2685 | D:2      | Reached skill level 5 in Invocations
  2712 | D:2      | Noticed Natasha
  2718 | D:2      | Killed Natasha
  2755 | D:2      | Noticed Natasha
  2763 | D:2      | Killed Natasha
  3100 | D:8      | Noticed a two-headed ogre
  3106 | D:8      | Killed a two-headed ogre
  3106 | D:8      | Reached **** piety under Sif Muna
  3106 | D:8      | Reached XP level 10. HP: 56/75 MP: 10/18
  3199 | D:8      | Noticed a death yak
  3200 | D:8      | Noticed a death yak
  3211 | D:8      | Noticed a death yak
  3237 | D:8      | Thaneod: come on, rat will not kill ya!
  3239 | D:8      | Found a staircase to the Lair.
  3423 | D:8      | Learned a level 2 spell: Blink
  3433 | D:8      | Learned a level 3 spell: Mephitic Cloud
  3487 | D:8      | Killed a death yak
  3515 | D:8      | Killed a death yak
  3529 | D:8      | Reached skill level 10 in Fire Magic
  3533 | Lair:1   | Entered Level 1 of the Lair of Beasts
  3552 | D:8      | Killed a death yak
  3552 | D:8      | Reached XP level 11. HP: 29/81 MP: 4/20
  3683 | D:9      | Reached ***** piety under Sif Muna
  3731 | D:9      | Received a gift from Sif Muna
  3753 | D:9      | Noticed a two-headed ogre
  3779 | D:9      | Killed a two-headed ogre
  3779 | D:9      | Reached skill level 10 in Conjurations
  3789 | D:9      | Found Kyek Itt's Weapon Shoppe.
  3802 | D:9      | Found a glowing golden altar of the Shining One.
  3806 | D:9      | Noticed an angel
  3811 | D:9      | Found a basalt altar of Yredelemnul.
  3814 | D:9      | Noticed a profane servitor
  3828 | D:9      | Noticed a two-headed ogre
  3829 | D:9      | Noticed a two-headed ogre
  3836 | D:9      | Killed a two-headed ogre
  3839 | D:9      | Killed a two-headed ogre
  3850 | D:9      | Noticed a two-headed ogre
  3854 | D:9      | Killed a two-headed ogre
  3883 | D:9      | Found an ornate altar of the Wu Jian Council.
  3996 | D:10     | Entered Level 10 of the Dungeon
  4331 | D:10     | Got an ancient whip
  4340 | D:10     | Identified the +6 whip "Ifaalej" {venom, *Noise +Blink rN+} (You found it on level 10 of the Dungeon)
  4497 | D:11     | Found a hazy altar of Hepliaklqana.
  4534 | D:11     | Noticed a two-headed ogre
  4538 | D:11     | Killed a two-headed ogre
  4538 | D:11     | Identified Sif Muna's Incunabulum of Hexes (Sif Muna gifted it to you on level 11 of the Dungeon)
  4538 | D:11     | Received a gift from Sif Muna
  4640 | D:11     | Found a staircase to the Orcish Mines.
  4678 | D:11     | Reached XP level 12. HP: 87/88 MP: 14/23
  4756 | D:11     | Reached skill level 1 in Shields
  4777 | D:11     | Gained mutation: You tend to lose your temper in combat. [mutagenic meat]
  4778 | D:11     | Gained mutation: Your spells are a little easier to cast, but a little less powerful. [mutagenic meat]
  4781 | D:11     | :(
  4814 | D:11     | Noticed a two-headed ogre
  4821 | D:11     | Killed a two-headed ogre
  4984 | D:12     | Noticed a two-headed ogre
  5021 | D:12     | Killed a two-headed ogre
  5033 | D:12     | Gained mutation: You can exhale a cloud of poison. [mutagenic meat]
  5034 | D:12     | Gained mutation: You have very sharp teeth. [mutagenic meat]
  5036 | D:12     | Gained mutation: You are partially covered in icy blue scales. (AC +2) [mutagenic meat]
  5037 | D:12     | Gained mutation: Your magical capacity is low. (-10% MP) [mutagenic meat]
  5073 | D:12     | Noticed Erolcha
  5081 | D:12     | Killed Erolcha
  5117 | D:12     | Noticed a two-headed ogre
  5122 | D:12     | Killed a two-headed ogre
  5166 | D:12     | Noticed a two-headed ogre
  5172 | D:12     | Killed a two-headed ogre
  5253 | D:12     | Got a pitted trident
  5254 | D:12     | Identified the cursed +1 trident of Cruel Justice {pain, rPois Str-2 Int+3} (You found it on level 12 of the Dungeon)
  5265 | D:12     | Got a dazzling war axe
  5305 | D:12     | Noticed Azrael
  5375 | D:13     | Noticed a death knight
  5379 | D:13     | Killed a death knight
  5415 | D:13     | Thaneod: gtg, don't die!
  5585 | D:14     | Noticed a two-headed ogre
  5594 | D:14     | Killed a two-headed ogre
  5594 | D:14     | Gained mutation: You can use your snake-like lower body to constrict enemies. [Naga growth]
  5594 | D:14     | Reached XP level 13. HP: 69/94 MP: 13/22
  5697 | D:14     | Lost mutation: Your spells are a little easier to cast, but a little less powerful. [potion of mutation]
  5697 | D:14     | Lost mutation: Your magical capacity is low. (-10% MP) [potion of mutation]
  5697 | D:14     | Gained mutation: Your muscles are strong. (Str +2) [potion of mutation]
  5697 | D:14     | Gained mutation: You have an increased reservoir of magic. (+10% MP) [potion of mutation]
  5697 | D:14     | Gained mutation: You are robust. (+10% HP) [potion of mutation]
  5697 | D:14     | Gained mutation: You are very robust. (+20% HP) [potion of mutation]
  5996 | D:15     | Entered Level 15 of the Dungeon
  6058 | D:15     | Received a gift from Sif Muna
  6076 | D:15     | murphy: cool mutation
  6356 | D:13     | Noticed a vault guard
  6365 | D:13     | Killed a vault guard
  6612 | Orc:1    | Entered Level 1 of the Orcish Mines
  6817 | Orc:2    | Entered Level 2 of the Orcish Mines
  6886 | Orc:2    | Noticed Soeti's ghost (journeyman DsMo)
  6886 | Orc:2    | 4thArraOfDagon: !lg Soeti dsmo - log
  6886 | Orc:2    | beem: No keyword '-'
  6886 | Orc:2    | 4thArraOfDagon: !lg Soeti dsmo -log
  6886 | Orc:2    | beem: 148. Soeti, XL14 DsMo, T:25220: http://crawl.xtahua.com/crawl/morgue/Soeti/morgue-Soeti-20171117-195636.txt
  6934 | Orc:2    | Killed Soeti's ghost
  6986 | Orc:2    | Found a labyrinth entrance.
  6997 | Lab      | Entered a labyrinth
  7049 | Lab      | Noticed a minotaur
  7057 | Lab      | Killed a minotaur
  7076 | Lab      | Got a sparkling steel ring
  7115 | Orc:2    | Identified the ring of Jitu Nekk {rElec rF++ AC+1} (You found it in a labyrinth)
  7191 | Orc:2    | Received a gift from Sif Muna
  7203 | Orc:2    | Identified Sif Muna's Handbook of Confrontation (Sif Muna gifted it to you on level 2 of the Orcish Mines)
  7236 | Orc:2    | Identified the +6 war axe "Vuexta Kusiw" {antimagic, rC+} (You found it on level 12 of the Dungeon)
  7274 | Orc:2    | Thaneod: !lg Thaneod
  7276 | Orc:2    | beem: 433. Thaneod the Anointer (L16 DEFE of Vehumet), slain by an alligator (called by a spriggan druid) on Swamp:1 (cheibrodos_swamp_tower_of_moss) on 2017-11-17 20:09:39, with 111631 points after 41535 turns and 2:50:43.
  7297 | Orc:2    | Found Ywiurako's Gadget Emporium.
  7297 | Orc:2    | Found Nucasoyk's Antique Weapon Emporium.
  7298 | Orc:2    | Found Hadgha Xuiz's Weapon Shoppe.
  7303 | Orc:2    | Found Bon Isach's Magic Scroll Shoppe.
  7305 | Orc:2    | Bought a scroll of teleportation for 54 gold pieces
  7305 | Orc:2    | Bought a scroll of teleportation for 54 gold pieces
  7307 | Orc:2    | 4thArraOfDagon: 5th time in row crappy shops
  7309 | Orc:2    | Bought a scroll of identify for 36 gold pieces
  7309 | Orc:2    | Bought a scroll of identify for 36 gold pieces
  7309 | Orc:2    | Bought a scroll of identify for 36 gold pieces
  7309 | Orc:2    | Bought a scroll of identify for 36 gold pieces
  7309 | Orc:2    | Rhok: feelsbadman
  7309 | Orc:2    | Thaneod: train evo!
  7313 | Orc:2    | Thaneod: a lot of useless stuff
  7323 | Orc:2    | Learned a level 9 spell: Fire Storm
  7418 | Orc:2    | Found a staircase to the Elven Halls.
  7433 | Orc:2    | Learned a level 6 spell: Iron Shot
  7534 | Orc:2    | Thaneod: it is possible to create "train of orb of destruction"?
  7559 | Orc:1    | Rhok: O________o
  7565 | Orc:1    | Rhok: id love to see that
  7577 | Orc:1    | Found Foar's General Store.
  7589 | Orc:1    | Rhok: but only 1 allowed at the time?
  7589 | Orc:1    | Bought a potion of berserk rage for 85 gold pieces
  7637 | Orc:1    | murphy: you can have more then one
  7669 | Orc:1    | Rhok: nice
  7669 | Orc:1    | murphy: especially funny with spellforged servitor
  7677 | Orc:1    | murphy: casting only OoD
  7733 | D:11     | Thaneod: ooo
  7792 | D:11     | Reached skill level 10 in Invocations
  7796 | D:11     | Got a pitted quarterstaff {elec}
  7956 | Lair:1   | Noticed Nergalle
  7963 | Lair:1   | Killed Nergalle
  7963 | Lair:1   | Reached XP level 14. HP: 69/121 MP: 6/29
  8169 | Lair:2   | Identified the +5 quarterstaff of Rulik {elec, Fragile rPois rF+ Str+4} (You took it off a centaur on level 11 of the Dungeon)
  8324 | Lair:3   | Found a staircase to the Snake Pit.
  8335 | Snake:1  | Entered Level 1 of the Snake Pit
  8560 | Snake:2  | HP: 6/121 [salamander/trident (9)]
  8948 | Snake:2  | Received a gift from Sif Muna
  8949 | Snake:2  | Identified Sif Muna's Catalogue of the Blaze and Translocation (Sif Muna gifted it to you on level 2 of the Snake Pit)
  9292 | Snake:3  | Reached skill level 10 in Spellcasting
  9296 | Snake:3  | HP: 2/122 [salamander mystic/quarterstaff (19)]
  9303 | Snake:3  | HP: 1/122 [shock serpent (8)]
  9303 | Snake:3  | Slain by a shock serpent

Vault maps used:
D:1:      grunt_arrival_lava_bath
D:2:      fedhas_altar_fruit_tree, uniq_natasha, uniq_terence
D:3:      kennysheep_the_goblin_king
D:4:      old_standard_altar, first_bread, serial_shops, nicolae_shop_crystal,
          shop, serial_corexii_hall, corexii_hall_statues_deadend,
          corexii_hall_statues_t, nicolae_ru_sacrificial_ziggurat
D:5:      kiku_gazebo_pond_becter, zin_scriptorium,
          nicolae_overflow_hidden_temple, okawaru_metal_pillars_1_2,
          serial_shops, shop_statue, serial_aquarium, aquarium_bridge_straight,
          aquarium_bridge_square, aquarium_window_fake, aquarium_window_fake,
          aquarium_window_1, aquarium_window_fake, aquarium_view_4,
          aquarium_view_2e, aquarium_pool_side, lemuel_flame_loot_1,
          uniq_grinder
D:6:      kennysheep_big_flooded_room, fiery_altar_vehumet, uniq_edmund
D:7:      minmay_temple_entry_statues_fountains, serial_shops, shop,
          uniq_duvessa
D:8:      dpeg_lair_monsters
D:9:      grunt_temple_overflow_holy_war, gammafunk_temple_overflow_elements,
          old_standard_altar, serial_shops, nicolae_shop_crystal
D:10:     uniq_fannar
D:11:     kb_forest_paths, orc_0_dummy, basic_altar
D:12:     uniq_azrael, uniq_erolcha
D:13:     david_vaults_5
D:14:     cheibrodos_orc_bank, minmay_misc_feat_alley, hangedman_fish_farm,
          eino_small_chamber_without_monster, kennysheep_windowed_goal
D:15:     grunt_enter_depths_magical_seal, serial_glass, glass_columns_a,
          glass_columns_c, serial_shops, shop, shop
Temple:   jpeg_temple_alley_garden
Lair:1:   grunt_megastairs_1, infiniplex_staircase_pool, uniq_nergalle
Lair:3:   swamp_mist, guppyfry_snake_entry_garden, minmay_holes, uniq_urug
Snake:1:  basic_altar, serial_bayou_shore_a, minmay_shop_grove, uniq_aizul
Snake:2:  grunt_megastairs_3
Snake:3:  minmay_shop_star, uniq_vashnia, uniq_asterion, uniq_jorgrun
Orc:1:    serial_shops, shop
Orc:2:    st_orc_mages, lab_entry_generic
Lab:      nicolae_lab_arrow, nicolae_lab_lava, labyrinth_fake_exit,
          nicolae_lab_diamond

Skill      XL: |  1  2  3  4  5  6  7  8  9 10 11 12 13 14 |
---------------+-------------------------------------------+-----
Conjurations   | 2 3 4 5 6 8 9 11 12 13 14 | 14.4
Fire Magic     | 4 5 6 7 9 10 11 12 13 14 | 14.7
Spellcasting   | 3 4 5 6 7 8 9 10 | 10.0
Invocations    | 2 3 5 6 7 8 10 | 10.0
Shields        | 4 |  4.0
Dodging        | |  1.5
Stealth        | |  3.0

Action                   |  1- 3 |  4- 6 |  7- 9 | 10-12 | 13-15 || total
-------------------------+-------+-------+-------+-------+-------++-------
Melee: Unarmed           |     2 |     1 |       |       |       ||     3
       Falchion          |       |    25 |    87 |    53 |       ||   165
       Whip              |       |       |       |     9 |       ||     9
       Trident           |       |       |       |    36 |   244 ||   280
       Bite              |       |       |       |     1 |    26 ||    27
       Constrict         |       |       |       |       |    58 ||    58
 Cast: Flame Tongue      |    18 |    19 |    44 |    59 |    31 ||   171
       Conjure Flame     |       |     3 |     7 |    22 |     9 ||    41
       Sticky Flame      |       |     1 |    29 |    48 |    53 ||   131
       Fireball          |       |       |     4 |    92 |   150 ||   246
       Iron Shot         |       |       |       |       |     9 ||     9
Invok: Divine Energy     |       |       |     1 |       |       ||     1
       Channel Magic     |       |       |       |    21 |    22 ||    43
 Abil: Spit Poison       |    21 |    12 |    33 |    22 |       ||    88
       Breathe Poison Ga |       |       |       |     5 |    24 ||    29
Evoke: Wand              |       |       |     8 |       |       ||     8
  Use: Potion            |       |     2 |     1 |     1 |     6 ||    10
       Scroll            |       |     2 |     6 |     7 |    30 ||    45
 Stab: Sleeping          |       |     1 |     5 |       |       ||     6
       Distracted        |       |       |       |       |     1 ||     1
  Eat: Fruit             |     4 |       |     4 |       |     1 ||     9
       Chunk             |       |       |    11 |    46 |    34 ||    91
       Royal jelly       |       |       |       |     2 |     1 ||     3
       Bread ration      |       |       |       |       |     1 ||     1
Armor: Robe              |     4 |     7 |    17 |       |       ||    28
       Leather armour    |       |       |    23 |    88 |     6 ||   117
       Ring mail         |       |       |       |       |   210 ||   210
Dodge: Dodged            |     6 |    24 |    59 |    67 |   116 ||   272
Block: Buckler           |       |       |       |    21 |   126 ||   147
       Rpst.: Falchion   |       |     5 |    19 |     9 |       ||    33

Table legend:
 A = Spawn XP
 B = Non-spawn XP
 C = Spawn XP percentage of total XP
 D = Spawn monster count
 E = Non-spawn monster count
 F = Spawn count percentage of total count
 G = Total turns spent on level
                    A         B        C        D         E        F      G
               +---------+---------+-------+---------+---------+-------+---------
         Total |       0 |   80894 |   0.0 |       0 |     532 |   0.0 |  9303
               +---------+---------+-------+---------+---------+-------+---------
           D:1 |       0 |      41 |   0.0 |       0 |      23 |   0.0 |   264
           D:2 |       0 |     170 |   0.0 |       0 |      13 |   0.0 |   235
           D:3 |       0 |     135 |   0.0 |       0 |      25 |   0.0 |   301
           D:4 |       0 |     215 |   0.0 |       0 |      11 |   0.0 |   559
           D:5 |       0 |     936 |   0.0 |       0 |      19 |   0.0 |   402
           D:6 |       0 |    2024 |   0.0 |       0 |      15 |   0.0 |   642
           D:7 |       0 |     953 |   0.0 |       0 |      18 |   0.0 |   521
           D:8 |       0 |    4907 |   0.0 |       0 |      36 |   0.0 |   637
           D:9 |       0 |    5046 |   0.0 |       0 |      35 |   0.0 |   375
          D:10 |       0 |    1525 |   0.0 |       0 |      24 |   0.0 |   448
          D:11 |       0 |    8546 |   0.0 |       0 |      41 |   0.0 |   757
          D:12 |       0 |    7863 |   0.0 |       0 |      34 |   0.0 |   573
          D:13 |       0 |    3488 |   0.0 |       0 |      16 |   0.0 |   391
          D:14 |       0 |    3840 |   0.0 |       0 |      33 |   0.0 |   502
          D:15 |       0 |    1631 |   0.0 |       0 |       7 |   0.0 |   150
        Lair:1 |       0 |    1611 |   0.0 |       0 |       9 |   0.0 |   160
        Lair:2 |       0 |    1134 |   0.0 |       0 |       5 |   0.0 |   223
        Lair:3 |       0 |     169 |   0.0 |       0 |       1 |   0.0 |    14
       Snake:1 |       0 |    6052 |   0.0 |       0 |      13 |   0.0 |   164
       Snake:2 |       0 |   12322 |   0.0 |       0 |      25 |   0.0 |   701
       Snake:3 |       0 |    6641 |   0.0 |       0 |      13 |   0.0 |   103
         Orc:1 |       0 |    1188 |   0.0 |       0 |      30 |   0.0 |   357
         Orc:2 |       0 |    9406 |   0.0 |       0 |      85 |   0.0 |   663
           Lab |       0 |    1051 |   0.0 |       0 |       1 |   0.0 |    81
               +---------+---------+-------+---------+---------+-------+---------
